 Dungeon Crawl Stone Soup version 0.20.0 (webtiles) character file.

4520 SirToppat the Blocker (level 10, -8/84 HPs)
             Began as a Minotaur Fighter on May 30, 2017.
             Was a Priest of Makhleb.
             Mangled by a two-headed ogre
             ... wielding a +0 giant spiked club
              (26 damage)
             ... on level 9 of the Dungeon on June 1, 2017.
             The game lasted 00:41:37 (8589 turns).

SirToppat the Blocker (Minotaur Fighter)            Turns: 8589, Time: 00:41:37

Health: -8/84      AC: 17    Str: 26    XL:     10   Next: 17%
Magic:  9/9        EV:  6    Int:  5    God:    Makhleb [***...]
Gold:   457        SH: 18    Dex: 10    Spells: 9/9 levels left

rFire    + . .     SeeInvis .   u - +1 spear (venom)
rCold    + . .     Gourm    .   S - +0 large shield
rNeg     + . .     Faith    .   U - +2 plate armour
rPois    .         Spirit   .   (helmet restricted)
rElec    .         Reflect  .   (no cloak)
rCorr    .         Harm     +   s - +0 pair of gloves
MR       .....     Rnd*Tele +   (no boots)
Stlth    ..........             L - amulet of Tuhijaa {Harm *Drain +Inv +Fly rN+ Str-2}
Regen    0.3/turn               J - ring of protection from fire
MPRegen  0.2/turn               V - ring of teleportation

@: lethally poisoned (-8 -> -9)
A: retaliatory headbutt, horns 2, blurry vision 1, cold resistance 1, strong 2
a: Minor Destruction, Lesser Servant of Makhleb, Renounce Religion, Evoke
Invisibility, Evoke Flight


You were on level 9 of the Dungeon.
You worshipped Makhleb.
Makhleb was most pleased with you.
You were not hungry.

You visited 2 branches of the dungeon, and saw 10 of its levels.

You collected 457 gold pieces.

Inventory:

Hand Weapons
 d - a +0 hunting sling
 u - a +1 spear of venom (weapon)
Missiles
 t - 267 stones (quivered)
 v - 35 sling bullets
 Z - a throwing net
Armour
 c - a +0 shield
 i - a +1 helmet of see invisible
 s - a +0 pair of gloves (worn)
 S - a +0 large shield (worn)
 U - a +2 plate armour (worn)
Magical Staves
 T - an uncursed staff of cold
Jewellery
 e - an uncursed ring of wizardry
 J - a ring of protection from fire (left hand)
 L - the amulet of Tuhijaa (around neck) {Harm *Drain +Inv +Fly rN+ Str-2}
   (You found it on level 4 of the Dungeon)

   [amulet of harm]

   It increases damage dealt and taken.
   It affects your strength (-2).
   It protects you from negative energy.
   It lets you turn invisible.
   It lets you fly.
   It causes draining when unequipped.
 V - a ring of teleportation (right hand)
Wands
 l - a wand of flame (22/48)
Scrolls
 j - 5 scrolls of amnesia
 n - 4 scrolls of remove curse
 p - a scroll of magic mapping
 w - 2 scrolls of fear
 M - 3 scrolls of fog
 Q - a scroll of teleportation
Potions
 a - a potion of cancellation
 b - a potion of invisibility
 g - 2 potions of curing
 m - 3 potions of heal wounds
 q - 4 potions of flight
 x - a potion of berserk rage
 A - 3 potions of degeneration
 B - 2 potions of haste
 E - a potion of lignification
 F - a potion of ambrosia
 H - 3 potions of might
Books
 X - a book of Debilitation

   Spells                             Type                      Level
   a - Corona                         Hexes                        1
   b - Slow                           Hexes                        2
   c - Inner Flame                    Hexes/Fire                   3
   d - Portal Projectile              Hexes/Translocation          3
   e - Cause Fear                     Hexes                        4
   f - Leda's Liquefaction            Hexes/Earth                  4
Comestibles
 f - 8 bread rations
 h - 5 chunks of flesh
 r - 3 meat rations
 C - 3 royal jellies


   Skills:
 + Level 6.8 Fighting
   Level 4.3(7.2) Axes
 + Level 9.0(9.4) Polearms
 + Level 8.4 Armour
 + Level 4.4 Dodging
 + Level 1.0 Stealth
 + Level 10.5 Shields
 + Level 1.1 Invocations


You had 9 spell levels left.
You didn't know any spells.

Dungeon Overview and Level Annotations

Branches:
Dungeon (9/15)             Temple (1/1) D:4
   Lair: D:8-11         Orc: D:9-12

Altars:
Ashenzari
Cheibriados
Dithmenos
Elyvilon
Fedhas
Gozag
Hepliaklqana
Kikubaaqudgha
Makhleb
Nemelex Xobeh
Okawaru
Qazlal
Ru
Sif Muna
Trog
Uskayaw
Vehumet
Xom
Yredelemnul
Zin
The Shining One

Shops:
D:8 :


Innate Abilities, Weirdness & Mutations

You reflexively headbutt those who attack you in melee.
You have a pair of horns on your head.
Scrolls take you a little longer to read.
Your flesh is cold resistant. (rC+)
Your muscles are very strong. (Str +4)


Message History

The two-headed ogre is poisoned.
The two-headed ogre is lightly wounded.
Your shield and plate armour prevent you from hitting the two-headed ogre.
The two-headed ogre is lightly wounded.
You feel sick.
The two-headed ogre hits you with a giant spiked club!!
* * * LOW HITPOINT WARNING * * *
You block the two-headed ogre's attack.
The orc priest casts a cantrip, but nothing happens.
You block the orc's attack.
You feel much better. You block the orc's attack. The orc hits you.
The two-headed ogre hits you with a giant spiked club!
* * * LOW HITPOINT WARNING * * *
The two-headed ogre hits you with a giant club!
* * * LOW HITPOINT WARNING * * *
You block the orc's attack.
You feel much better. You block the orc's attack.
The orc hits you but does no damage. x2
The two-headed ogre hits you with a giant spiked club!!
You die...

#. .# #. ##.#
###.# ....##
#..... .....#
####.#.###.....#
$..............#
#...ooo.....#
#....@o.....#
#....O..#####
##........#
#........#
#........#
#........#
######........#
#.............#
#.........#####


You could see a two-headed ogre, an orc priest and 3 orcs.

Vanquished Creatures
  A hornet (D:8)
  Prince Ribbit (D:5)
  Grinder (D:3)
  A hippogriff (D:8)
  A human (D:3)
  A steam dragon (D:3)
  Menkaure (D:5)
  A sky beast (D:7)
  5 orc warriors
  A necrophage (D:9)
  2 phantoms (D:7)
  6 ogres
  3 centaurs
  A crocodile (D:9)
  Blork the orc (D:5)
  A bullfrog (D:6)
  A wyvern skeleton (D:6)
  A scorpion (D:7)
  3 howler monkeys
  5 crimson imps
  A bullfrog zombie (D:7)
  5 hounds
  11 orc wizards
  A bullfrog skeleton (D:5)
  6 orc priests
  2 centaur skeletons
  6 iguanas
  5 worker ants
  3 gnolls (D:2)
  A howler monkey zombie (D:6)
  8 adders
  A howler monkey skeleton (D:5)
  A shadow imp (D:5)
  2 oozes
  An adder zombie (D:8)
  2 worms
  2 dart slugs (D:2)
  3 leopard geckos
  40 orcs
  A ball python (D:1)
  9 giant cockroaches
  7 goblins
  5 hobgoblins
  15 jackals
  5 quokkas
  9 bats
  7 frilled lizards
  10 kobolds
  7 rats
214 creatures vanquished.

Notes
Turn   | Place    | Note
-------+----------+-------------------------------------------
     0 | D:1      | SirToppat the Minotaur Fighter began the quest for the Orb.
     0 | D:1      | Reached XP level 1. HP: 19/19 MP: 0/0
   174 | D:1      | Reached XP level 2. HP: 21/27 MP: 1/1
   825 | D:1      | Reached XP level 3. HP: 33/33 MP: 2/2
  1157 | D:2      | Reached skill level 4 in Shields
  1161 | D:2      | Reached XP level 4. HP: 23/40 MP: 3/3
  1748 | D:2      | Found a faded altar of an unknown god.
  1750 | D:2      | Became a worshipper of Ru the Awakened
  1871 | D:3      | Found a glowing golden altar of the Shining One.
  2092 | D:3      | Noticed a steam dragon
  2100 | D:3      | Killed a steam dragon
  2100 | D:3      | Reached skill level 1 in Dodging
  2100 | D:3      | Reached XP level 5. HP: 8/47 MP: 4/4
  2419 | D:3      | Found a runed door.
  2419 | D:3      | Noticed a human
  2422 | D:3      | Noticed Grinder
  2441 | D:3      | Killed Grinder
  2441 | D:3      | Reached skill level 5 in Armour
  2441 | D:3      | Reached skill level 5 in Shields
  2441 | D:3      | Reached XP level 6. HP: 35/53 MP: 5/5
  2452 | D:3      | Found a basalt altar of Yredelemnul.
  2471 | D:3      | Killed a human
  2471 | D:3      | Reached XP level 7. HP: 40/60 MP: 6/6
  3106 | D:4      | Gained mutation: You are partially covered in molten scales. (AC +2) [potion of mutation]
  3106 | D:4      | Gained mutation: Your muscles are strong. (Str +2) [potion of mutation]
  3111 | D:4      | Reached skill level 5 in Fighting
  3371 | D:4      | Reached skill level 6 in Shields
  3684 | D:4      | Found a staircase to the Ecumenical Temple.
  3694 | D:4      | Got an ancient ruby amulet
  3706 | Temple   | Entered the Ecumenical Temple
  3801 | Temple   | Fell from the grace of Ru
  3801 | Temple   | Became a worshipper of Makhleb the Destroyer
  4078 | D:4      | Reached skill level 5 in Polearms
  4234 | D:4      | Reached XP level 8. HP: 48/68 MP: 7/7
  4522 | D:5      | Entered Level 5 of the Dungeon
  4575 | D:5      | Noticed Prince Ribbit
  4579 | D:5      | Noticed Blork the orc
  4582 | D:5      | Noticed Menkaure
  4589 | D:5      | Killed Prince Ribbit
  4594 | D:5      | Killed Blork the orc
  4599 | D:5      | Killed Menkaure
  5041 | D:5      | Reached * piety under Makhleb
  5446 | D:5      | Reached skill level 1 in Stealth
  5630 | D:5      | Found a deep blue altar of Sif Muna.
  5911 | D:5      | Reached skill level 7 in Shields
  6284 | D:6      | Identified the amulet of Tuhijaa {Harm *Drain +Inv +Fly rN+ Str-2} (You found it on level 4 of the Dungeon)
  6322 | D:6      | Reached XP level 9. HP: 75/75 MP: 8/8
  6737 | D:7      | Reached ** piety under Makhleb
  6765 | D:7      | Reached skill level 8 in Shields
  7331 | D:7      | Reached skill level 9 in Shields
  7337 | D:7      | Reached skill level 1 in Invocations
  7551 | D:7      | Gained mutation: Your mind is acute. (Int +2) [mutagenic meat]
  7554 | D:7      | Gained mutation: Your flesh is cold resistant. (rC+) [mutagenic meat]
  7555 | D:7      | Gained mutation: You are agile. (Dex +2) [mutagenic meat]
  7556 | D:7      | Gained mutation: You have a pair of large horns on your head. [mutagenic meat]
  7557 | D:7      | Gained mutation: Your flesh is very cold resistant. (rC++) [mutagenic meat]
  7683 | D:7      | Lost mutation: Your flesh is very cold resistant. (rC++) [potion of mutation]
  7683 | D:7      | Lost mutation: You have a pair of large horns on your head. [potion of mutation]
  7683 | D:7      | Lost mutation: You are agile. (Dex +2) [potion of mutation]
  7683 | D:7      | Lost mutation: You are partially covered in molten scales. (AC +2) [potion of mutation]
  7683 | D:7      | Lost mutation: Your mind is acute. (Int +2) [potion of mutation]
  7683 | D:7      | Gained mutation: Your mind is acute. (Int +2) [potion of mutation]
  7683 | D:7      | Gained mutation: You evolve. [potion of mutation]
  7684 | D:7      | Lost mutation: Your mind is acute. (Int +2) [potion of mutation]
  7684 | D:7      | Lost mutation: You evolve. [potion of mutation]
  7684 | D:7      | Gained mutation: Your spells are a little harder to cast, but a little more powerful. [potion of mutation]
  7684 | D:7      | Gained mutation: You have a pair of large horns on your head. [potion of mutation]
  7684 | D:7      | Gained mutation: Your muscles are very strong. (Str +4) [potion of mutation]
  7685 | D:7      | Lost mutation: Your spells are a little harder to cast, but a little more powerful. [potion of mutation]
  7685 | D:7      | Lost mutation: You have a pair of large horns on your head. [potion of mutation]
  7685 | D:7      | Lost mutation: Your muscles are very strong. (Str +4) [potion of mutation]
  7685 | D:7      | Gained mutation: Scrolls take you a little longer to read. [potion of mutation]
  7685 | D:7      | Gained mutation: Your muscles are very strong. (Str +4) [potion of mutation]
  7863 | D:8      | Found Haodgheh's Book Boutique.
  7884 | D:8      | Reached *** piety under Makhleb
  7953 | D:8      | Reached skill level 10 in Shields
  8098 | D:8      | Found a blossoming altar of Fedhas.
  8181 | D:8      | Reached XP level 10. HP: 75/84 MP: 9/9
  8577 | D:9      | Noticed a two-headed ogre
  8588 | D:9      | HP: 1/84 [two-headed ogre/giant spiked club (13)]
  8589 | D:9      | Mangled by a two-headed ogre

Skill      XL: |  1  2  3  4  5  6  7  8  9 10 |
---------------+-------------------------------+-----
Fighting       | 4 5 6 |  6.8
Armour         | 4 5 6 7 8 |  8.4
Axes           | 3 4 |  4.3
Shields        | 4 5 6 7 10 | 10.5
Polearms       | 2 3 4 5 7 8 9 |  9.0
Dodging        | 1 2 3 4 |  4.4
Stealth        | 1 |  1.0
Invocations    | 1 |  1.1

Action                   |  1- 3 |  4- 6 |  7- 9 | 10-12 || total
-------------------------+-------+-------+-------+-------++-------
Melee: War axe           |    73 |     2 |       |       ||    75
       Headbutt          |    15 |    14 |    94 |    15 ||   138
       Spear             |       |    82 |   477 |    62 ||   621
Invok: Minor Destruction |       |       |     1 |       ||     1
  Use: Potion            |     1 |       |     9 |     2 ||    12
       Scroll            |       |       |    15 |    11 ||    26
  Eat: Chunk             |     1 |     3 |    18 |     2 ||    24
       Meat ration       |       |     1 |       |       ||     1
       Royal jelly       |       |       |     1 |       ||     1
Armor: Scale mail        |    57 |    19 |    62 |       ||   138
       Plate armour      |       |       |    88 |    21 ||   109
Dodge: Dodged            |    31 |    23 |    81 |     4 ||   139
Block: Shield            |    71 |    40 |    63 |       ||   174
       Large shield      |       |       |   263 |    44 ||   307
